 Dungeon Crawl Stone Soup version 0.21.1-1-g345015f (webtiles) character file.

90 pk666 the Magician (level 4, -5/24 HPs)
             Began as a Deep Elf Wizard on Feb 15, 2018.
             Killed by divine providence
             ... invoked by an orc priest
              (10 damage)
             ... on level 2 of the Dungeon.
             The game lasted 00:04:34 (2552 turns).

pk666 the Magician (Deep Elf Wizard)                Turns: 2552, Time: 00:04:35

Health: -5/24      AC:  2    Str:  4    XL:     4   Next: 32%
Magic:  0/13       EV: 13    Int: 24    God:
Gold:   137        SH:  0    Dex: 13    Spells: 4/13 levels left

rFire    . . .     SeeInvis .   m - +0 dagger (protect)
rCold    . . .     Gourm    .   (no shield)
rNeg     + . .     Faith    .   a - +0 robe
rPois    .         Spirit   +   b - +0 hat
rElec    .         Reflect  .   (no cloak)
rCorr    .         Harm     .   (no gloves)
MR       .....                  (no boots)
Stlth    ++........             i - amulet of guardian spirit
HPRegen  0.08/turn              g - ring of positive energy
MPRegen  0.13/turn              (no ring)

@: no status effects
A: no striking features
a: no special abilities


You were on level 2 of the Dungeon.
You were not hungry.

You visited 1 branch of the dungeon, and saw 2 of its levels.

You collected 137 gold pieces.

Inventory:

Hand Weapons
 m - a +0 dagger of protection (weapon)
Armour
 a - a +0 robe (worn)
 b - a +0 hat (worn)
Jewellery
 g - a ring of positive energy (left hand)
 i - an amulet of guardian spirit (around neck)
Scrolls
 e - a scroll of enchant armour {unknown}
 h - a scroll of teleportation {unknown}
 j - a scroll of identify {unknown}
 n - a scroll of remove curse {unknown}
Potions
 f - a potion of haste {unknown}
 k - a potion of mutation {unknown}
 o - a potion of heal wounds {unknown}
Books
 c - a book of Minor Magic

   Spells                             Type                      Level
   a - Magic Dart                     Conjuration                  1
   b - Blink                          Translocation                2
   c - Call Imp                       Summoning                    2
   d - Slow                           Hexes                        2
   e - Conjure Flame                  Conjuration/Fire             3
   f - Mephitic Cloud                 Conjuration/Poison/Air       3
Comestibles
 d - 4 rations
 l - 3 chunks of flesh


   Skills:
 + Level 3.1 Dodging
 - Level 2.4 Stealth
 * Level 5.3 Spellcasting
 * Level 2.6 Conjurations
   Level 1.1 Summonings
 - Level 1.1 Translocations
 * Level 1.0 Fire Magic
 * Level 1.0 Air Magic
 * Level 0.8 Poison Magic


You had 4 spell levels left.
You knew the following spells:

 Your Spells              Type           Power        Failure   Level  Hunger
a - Magic Dart            Conj           ###.         3%          1    None
b - Blink                 Tloc           N/A          9%          2    None
d - Conjure Flame         Conj/Fire      ###.....     12%         3    ##.....
z - Mephitic Cloud        Conj/Pois/Air  ##......     14%         3    ##.....


Dungeon Overview and Level Annotations

Branches:
Dungeon (2/15)

Altars:


Message History

Aiming: Magic Dart
Press: ? - help, Shift-Dir - straight line, f/p - orc priest
Aim: an orc priest, wielding a short sword and wearing a ring mail (lightly wounded)
The magic dart hits the orc priest.
The orc priest is lightly wounded.
The adder hisses angrily.
The adder completely misses you.
The orc priest mumbles some strange prayers to Beogh against you.
Beogh smites you!
Ouch! That really hurt!
Casting: Magic Dart
Confirm with . or Enter, or press ? or * to list all spells.
You blink.
The orc wizard hits you with an enchanted dagger.
The orc wizard casts a spell at you. The magic dart hits you!
* * * LOW HITPOINT WARNING * * *
The orc priest invokes the aid of Beogh against you.
Beogh smites you!
You die...

## .##########
...........
...######## ...#
...# ...#####
#############
.......#
#..o.@.......
.....#.#
#o###########
...#.# ...
...#)####S###
##...#.ยง..#
##....####
####...##########
.....#...........
####.#....######


You could see an orc priest and an orc wizard.

Vanquished Creatures
  3 gnolls (D:2)
  An adder (D:2)
  2 oozes (D:2)
  3 worms (D:2)
  An orc (D:2)
  4 giant cockroaches
  2 goblins (D:2)
  4 hobgoblins
  4 jackals (D:2)
  A quokka (D:2)
  3 bats (D:2)
  A frilled lizard (D:1)
  3 kobolds (D:1)
  A rat (D:2)
33 creatures vanquished.

Notes
Turn   | Place    | Note
-------+----------+-------------------------------------------
     0 | D:1      | pk666 the Deep Elf Wizard began the quest for the Orb.
     0 | D:1      | Reached XP level 1. HP: 10/10 MP: 7/7
  1073 | D:2      | Reached XP level 2. HP: 15/15 MP: 7/9
  1461 | D:2      | Reached skill level 5 in Spellcasting
  1689 | D:2      | Reached XP level 3. HP: 19/19 MP: 8/11
  1731 | D:2      | Learned a level 2 spell: Blink
  1735 | D:2      | Learned a level 3 spell: Mephitic Cloud
  1739 | D:2      | Learned a level 3 spell: Conjure Flame
  2115 | D:2      | Reached XP level 4. HP: 24/24 MP: 8/13
  2312 | D:2      | Reached skill level 1 in Air Magic
  2434 | D:2      | Reached skill level 1 in Fire Magic
  2552 | D:2      | Killed from afar by an orc priest

Skill      XL: |  1  2  3  4 |
---------------+-------------+-----
Conjurations   | 2 |  2.6
Spellcasting   | 5 |  5.3
Dodging        | 3 |  3.1
Air Magic      | 1 |  1.0
Fire Magic     | 1 |  1.0
Stealth        | |  2.4
Summonings     | |  1.1
Translocations | |  1.1
Poison Magic   | |  0.8

Action                   |  1- 3 |  4- 6 || total
-------------------------+-------+-------++-------
Melee: Dagger            |     6 |       ||     6
 Cast: Magic Dart        |   103 |    33 ||   136
       Blink             |       |     1 ||     1
  Eat: Chunk             |     3 |     2 ||     5
Armor: Robe              |     8 |       ||     8
Dodge: Dodged            |    16 |     2 ||    18
